 Dungeon Crawl Stone Soup version 0.25.1-8-g42b30a86e7 (webtiles) character file.

Game seed: 12148206829963763293

1192 Araneus the Martial Artist (level 8, 0/63 HPs)
             Began as a Demonspawn Monk on Dec 3, 2020.
             Slain by an orc warrior
             ... wielding a +0 flail
              (23 damage)
             ... on level 5 of the Dungeon.
             The game lasted 00:11:27 (5516 turns).

Araneus the Martial Artist (Demonspawn Monk)        Turns: 5516, Time: 00:11:28

Health: 0/63       AC:  8    Str: 13    XL:     8   Next: 20%
Magic:  8/8        EV: 17    Int: 12    God:
Gold:   217        SH:  0    Dex: 18    Spells: 7/7 levels left

rFire    + . .     SeeInvis .     - Unarmed
rCold    . . .     Gourm    .   (no shield)
rNeg     . . .     Faith    .   f - +1 ring mail
rPois    .         Spirit   .   (no helmet)
rElec    .         Reflect  .   (no cloak)
rCorr    .         Harm     .   (no gloves)
MR       .....                  (no boots)
Stlth    +.........             (no amulet)
HPRegen  0.20/turn              (no ring)
MPRegen  0.11/turn              (no ring)

@: agile, lightly drained
A: talons 1, yellow scales 1, agile 1, demonic guardian 1, fire resistance 1,
powered by pain 1, robust 1, wild magic 1
a: no special abilities


You were on level 5 of the Dungeon.
You were not hungry.

You visited 1 branch of the dungeon, and saw 5 of its levels.

You collected 217 gold pieces.

Inventory:

Armour
 f - a +1 ring mail (worn)
 r - the cursed +1 ring mail of Hogicaud {Dex+4, unknown}
   (You found it on level 5 of the Dungeon)

   It affects your dexterity (+4).
   It has a curse placed upon it.
Jewellery
 a - an uncursed ring of fire {unknown}
 k - an uncursed ring of ice {unknown}
 l - an uncursed ring of poison resistance {unknown}
 u - an uncursed ring of see invisible {unknown}
Wands
 e - a wand of acid (5)
 j - a wand of flame (10)
 q - a wand of disintegration (15)
Scrolls
 c - a scroll of immolation
 d - a scroll of enchant armour
 g - 3 scrolls of teleportation
 h - 6 scrolls of remove curse
 m - a scroll of blinking
 p - a scroll of fear
Potions
 i - 4 potions of curing
 n - a potion of heal wounds
 v - a potion of haste {unknown}
 w - a potion of degeneration {unknown}
 x - a potion of cancellation {unknown}
Comestibles
 b - 8 rations
 o - 6 chunks of flesh


   Skills:
 - Level 3.0(2.8) Fighting
 + Level 1.5(1.3) Armour
 + Level 3.1(2.9) Dodging
 - Level 1.7(1.5) Stealth
 + Level 9.1(8.9) Unarmed Combat


You had 7 spell levels left.
You didn't know any spells.
Your spell library was empty.

Dungeon Overview and Level Annotations

Branches:
Dungeon (5/15)
 Temple: D:4-7

Altars:
Wu Jian
Zin


Innate Abilities, Weirdness & Mutations

You have sharp toenails.
You are partially covered in yellow scales. (AC +2)
A weak demonic guardian rushes to your aid.
You sometimes gain a little power by taking damage.
You are agile. (Dex +2)
Your flesh is heat resistant. (rF+)
You are robust. (+10% HP)
Your spells are a little harder to cast, but a little more powerful.


Message History

You claw the orc warrior, but do no damage.
The orc warrior is moderately wounded.
Your quasit barely misses the orc.
Your quasit claws the orc but does no damage.
Your quasit barely misses the orc.
The orc warrior hits you with a +0 flail!
You focus on the pain.
You feel agile all of a sudden.
You hit the orc.
You kill the orc!
You hit the orc warrior.
The orc warrior is heavily wounded.
The orc warrior hits you with a +0 flail.
Your quasit closely misses the orc warrior.
Your quasit barely misses the orc warrior. x2
You hit the orc warrior but do no damage.
Your kick misses the orc warrior.
The orc warrior is heavily wounded.
The orc warrior hits you with a +0 flail!!
You die...

.....##.##.##.......
#....##.##............
#..#....##............
†.###.#......?......#
......##............## .
.#....#....$.#.......#..
.##..##.................
..#.............h......#
........#......)@5.#
.#....#.#........o..#
##...##.......##....#
..# #.......###...... ##
##....... ##....#
#........ .....
##....... .... #.......
....


You could see an orc warrior, a jackal and a friendly quasit (summoned).

Vanquished Creatures
  Edmund (D:4)
  Purgy (D:4)
  4 phantoms
  A howler monkey (D:4)
  A crimson imp (D:5)
  2 bullfrog zombies
  2 orc wizards (D:5)
  A hound (D:4)
  A bullfrog skeleton (D:4)
  2 iguanas (D:4)
  7 worker ants
  A worker ant zombie (D:5)
  6 adders
  A shadow imp (D:5)
  An ooze (D:1)
  2 adder skeletons (D:4)
  A worm (D:2)
  2 dart slugs (D:1)
  3 leopard geckos
  8 orcs
  A giant cockroach (D:3)
  6 goblins
  5 hobgoblins
  A jackal (D:5)
  2 quokkas (D:4)
  10 bats
  12 frilled lizards
  8 kobolds
  8 rats
101 creatures vanquished.

Vanquished Creatures (collateral kills)
  An orc wizard (D:5)
  An orc priest (D:5)
  An iguana (D:5)
  An orc (D:5)
  2 jackals (D:5)
  A quokka (D:4)
  A leopard gecko zombie (D:5)
8 creatures vanquished.

Grand Total: 109 creatures vanquished

Notes
Turn   | Place    | Note
-------+----------+-------------------------------------------
     0 | D:1      | Araneus the Demonspawn Monk began the quest for the Orb.
     0 | D:1      | Reached XP level 1. HP: 18/18 MP: 1/1
   128 | D:1      | Reached skill level 3 in Unarmed Combat
   179 | D:1      | Gained mutation: You have sharp toenails. [demonic
                  | ancestry]
   179 | D:1      | Reached XP level 2. HP: 24/24 MP: 2/2
   952 | D:1      | You fall into a shaft and drop 1 floor!
  1215 | D:2      | Reached skill level 4 in Unarmed Combat
  1215 | D:2      | Reached XP level 3. HP: 23/29 MP: 3/3
  1917 | D:2      | Found a glowing silver altar of Zin.
  1917 | D:2      | Noticed an angel
  2077 | D:3      | Gained mutation: You are partially covered in yellow
                  | scales. (AC +2) [demonic ancestry]
  2077 | D:3      | Reached XP level 4. HP: 32/35 MP: 4/4
  2941 | D:3      | Found a faded altar of an unknown god.
  3241 | D:4      | Reached skill level 5 in Unarmed Combat
  3544 | D:4      | Reached XP level 5. HP: 29/41 MP: 5/5
  4195 | D:4      | Noticed Purgy
  4228 | D:4      | Noticed a phantom
  4246 | D:4      | Gained mutation: You are agile. (Dex +2) [potion of
                  | mutation]
  4246 | D:4      | Gained mutation: You are robust. (+10% HP) [potion of
                  | mutation]
  4246 | D:4      | Gained mutation: Your flesh is heat resistant. (rF+)
                  | [potion of mutation]
  4246 | D:4      | Gained mutation: Your spells are a little harder to cast,
                  | but a little more powerful. [potion of mutation]
  4258 | D:4      | Killed Purgy
  4258 | D:4      | Reached skill level 6 in Unarmed Combat
  4258 | D:4      | Reached XP level 6. HP: 51/51 MP: 6/6
  4507 | D:4      | Noticed Edmund
  4531 | D:4      | Killed Edmund
  4531 | D:4      | Reached skill level 7 in Unarmed Combat
  4531 | D:4      | Gained mutation: A weak demonic guardian rushes to your
                  | aid. [demonic ancestry]
  4531 | D:4      | Reached XP level 7. HP: 38/57 MP: 7/7
  4844 | D:4      | Reached skill level 8 in Unarmed Combat
  5055 | D:4      | Found an ornate altar of the Wu Jian Council.
  5103 | D:5      | Entered Level 5 of the Dungeon
  5150 | D:5      | Reached skill level 1 in Armour
  5255 | D:5      | Gained mutation: You sometimes gain a little power by
                  | taking damage. [demonic ancestry]
  5255 | D:5      | Reached XP level 8. HP: 63/63 MP: 8/8
  5282 | D:5      | Reached skill level 9 in Unarmed Combat
  5310 | D:5      | Got a faintly glowing ring mail
  5516 | D:5      | Slain by an orc warrior

Illustrated notes

Levels and vault maps discovered:
D:1:      co_arrival_square_in_a_square_in_a_square, layout_loops_corners,
          chequers_serial_rivers_micro_a
D:2:      layout_rooms, zin_angel
D:3:      layout_loops_corners, chequers_ecumenical_altar_twisty
D:4:      minmay_recursive_quarters, layout_loops_ring,
          lemuel_coloured_pillars_altar, abandoned_shop, minivault_11,
          uniq_purgy, uniq_edmund
D:5:      layout_cave_pools, first_ration, chequers_serial_rivers_room_a

Skill      XL: |  1  2  3  4  5  6  7  8 |
---------------+-------------------------+-----
Unarmed Combat | 3 4 5 6 7 8 9 |  9.1
Armour         | 1 |  1.5
Dodging        | 3 |  3.1
Fighting       | |  3.0
Stealth        | |  1.7

Action                   |  1- 3 |  4- 6 |  7- 9 || total
-------------------------+-------+-------+-------++-------
Melee: Unarmed           |   120 |   143 |   142 ||   405
       Kick              |    21 |    34 |    37 ||    92
       Punch             |     1 |     5 |     2 ||     8
  Use: Scroll            |       |     8 |       ||     8
       Potion            |       |     7 |       ||     7
 Stab: Sleeping          |     5 |     1 |       ||     6
       Distracted        |       |     1 |     4 ||     5
  Eat: Chunk             |     3 |     4 |     4 ||    11
       Ration            |       |     1 |       ||     1
Armor: Robe              |     7 |       |       ||     7
       Ring mail         |     9 |    34 |    27 ||    70
       Skin              |       |    33 |       ||    33
Dodge: Dodged            |    72 |    77 |    69 ||   218
